AoeStats
← erik12bott

Arabia

509887308Analyzed
2v2 RM · 5d ago on Sep 28, 2026· 36m 40s· 4 players
Game mode
Random Map
Map size
Medium (4 player)
Population
200
Speed
Normal
Resources
Standard
Victory
Conquest
Starting age
Dark Age
Ending age
Imperial Age
RankedLock teamsTeams togetherTeam positionsShared explorationLock speedFull tech treeHidden civsTurbo modeCheats
Victory
Defeat
🇳🇴 Varangians · Norway
1107
+18
🇳🇴 Danes · Norway
1107
+18
🇬🇧 Teutons · United Kingdom
1173
-18
🇬🇧 Italians · United Kingdom
1150
-18
Papaladin
7:00 Loom
9:18 Feudal Age
10:02 Double-Bit Axe
13:45 Horse Collar
19:21 Wheelbarrow
23:42 Bloodlines
26:33 Castle Age
26:34 Scale Barding Armor
28:27 Bow Saw
28:57 Husbandry
30:43 Gold Mining
Hate
3:23 Loom
11:23 Feudal Age
13:36 Feudal Age
15:16 Horse Collar
21:51 Fletching
26:56 Castle Age
31:42 Imperial Age
32:08 Ballistics
31:46 Bodkin Arrow
32:55 Guilds
35:08 Chemistry
34:40 Town Watch
DwarfLord
7:26 Loom
9:48 Feudal Age
10:02 Man-at-Arms
10:29 Arson
18:53 Double-Bit Axe
22:09 Castle Age
22:45 Scale Mail Armor
22:28 Horse Collar
22:42 Gold Mining
23:12 Gambesons
24:01 Squires
24:22 Chain Mail Armor
25:18 Forging
25:41 Bow Saw
29:18 Wheelbarrow
28:29 Town Watch
34:57 Iron Casting
35:03 Hand Cart
35:07 Heavy Plow
39:31 Imperial Age
erik12bott
7:14 Loom
10:09 Feudal Age
12:13 Bloodlines
12:42 Double-Bit Axe
16:51 Horse Collar
24:38 Castle Age
23:44 Scale Mail Armor
23:55 Forging
26:13 Bow Saw
26:19 Squires
26:34 Arson
27:56 Chain Mail Armor
28:17 Iron Casting
27:53 Arson
29:47 Gambesons
Connection lost

Rejoining the realm…

Still unreachable

The connection could not be restored.

Session expired

The server has moved on; the page needs a fresh start.